AoeStats
← YisusCreed

Arena

510464901Analyzed
2v2 RM · 2d ago on Oct 1, 2026· 55m 0s· 4 players
Game mode
Random Map
Map size
Medium (4 player)
Population
200
Speed
Normal
Resources
Standard
Victory
Conquest
Starting age
Dark Age
Ending age
Imperial Age
RankedLock teamsTeams togetherTeam positionsShared explorationLock speedFull tech treeHidden civsTurbo modeCheats
Victory
Defeat
🇨🇴 Teutons · Colombia
619
+14
🇨🇴 Britons · Colombia
582
+16
🇨🇳 Italians · China
578
-15
🇨🇴 Turks · Colombia
574
-15
WARRIOR9608
10:55 Feudal Age
22:11 Castle Age
21:29 Gold Mining
21:30 Stone Mining
21:29 Double-Bit Axe
21:43 Horse Collar
25:08 Heavy Plow
25:21 Bow Saw
25:49 Gold Shaft Mining
31:43 Imperial Age
47:18 Heavy Scorpion
604569544
2:41 Loom
14:08 Feudal Age
14:46 Town Watch
20:01 Castle Age
29:23 Murder Holes
zXproXz
10:14 Feudal Age
10:46 Double-Bit Axe
10:48 Horse Collar
17:38 Castle Age
17:30 Scale Barding Armor
17:37 Arson
17:15 Man-at-Arms
19:46 Bow Saw
19:32 Long Swordsman
23:22 Gambesons
25:05 Wheelbarrow
25:22 Gold Mining
26:01 Hand Cart
27:40 Heavy Plow
37:51 Imperial Age
36:34 Scale Mail Armor
36:45 Forging
36:25 Fletching
38:05 Cavalier
40:39 Chain Barding Armor
40:36 Chain Mail Armor
40:58 Iron Casting
42:44 Two-Man Saw
47:13 Capped Ram
49:18 Chemistry
48:09 Guard Tower
48:33 Fortified Wall
48:44 Ballistics
48:20 Paladin
YisusCreed
11:00 Feudal Age
11:58 Double-Bit Axe
12:09 Gold Mining
12:11 Stone Mining
21:10 Padded Archer Armor
23:52 Padded Archer Armor
23:42 Fletching
23:50 Fletching
25:58 Forging
25:48 Scale Mail Armor
28:04 Wheelbarrow
28:15 Horse Collar
30:57 Castle Age
32:39 Squires
32:48 Heavy Plow
33:00 Bow Saw
33:27 Gold Shaft Mining
35:23 Hand Cart
35:19 Bodkin Arrow
36:47 Leather Archer Armor
35:57 Crossbowman
38:20 Pikeman
38:47 Arson
48:16 Imperial Age
49:34 Onager
51:09 Ring Archer Armor
50:39 Bracer
51:42 Chemistry
51:04 Ballistics
51:27 Cavalier
52:11 Husbandry
53:50 Scale Barding Armor
53:58 Arbalester
Connection lost

Rejoining the realm…

Still unreachable

The connection could not be restored.

Session expired

The server has moved on; the page needs a fresh start.